 Dungeon Crawl Stone Soup version 0.30.1-11-g7821555f0a (webtiles) character file.

Game seed: 11844682423284956488

536 Grimwise the Trooper (level 7, -1/99 HPs)
             Began as a Hill Orc Fighter on Jan 13, 2024.
             Was a Believer of Beogh.
             Slain by a gnoll
             ... wielding a +0 club
             ... led by a gnoll bouda
              (3 damage)
             ... on level 6 of the Dungeon.
             The game lasted 00:16:17 (2477 turns).

Grimwise the Trooper (Hill Orc Fighter)             Turns: 2477, Time: 00:16:17

Health: -1/99      AC: 23    Str: 21    XL:     7   Next: 25%
Magic:  8/8        EV:  2    Int:  8    God:    Beogh [**....]
Gold:   109        SH:  4    Dex: 10    Spells: 6/6 levels left

rFire   . . .        a - +0 war axe
rCold   . . .        c - +0 buckler
rNeg    + . .        i - melded +3 ring mail
rPois   +            k - melded +0 helmet
rElec   .            (cloak currently unavailable)
rCorr   .            u - melded +0 pair of gloves
SInv    .            (boots currently unavailable)
Will    .....        (no amulet)
Stlth   +            h - ring of flight
HPRegen 0.36/turn    t - ring of positive energy
MPRegen 0.11/turn

%: no passive effects
@: tree-form
A: stationary, stasis, torment immunity, boosted hp
a: Renounce Religion, Smiting


You were on level 6 of the Dungeon.
You worshipped Beogh.
Beogh was pleased with you.
You were a tree.
You visited 1 branch of the dungeon, and saw 4 of its levels.
You also visited: Sewer.

You collected 109 gold pieces.

Inventory:

Hand Weapons
 a - a +0 war axe (weapon)
Armour
 b - a +0 scale mail
 c - a +0 buckler (worn)
 i - a +3 ring mail (melded)
 k - a +0 helmet (melded)
 u - a +0 pair of gloves (melded)
Magical Staves
 o - a staff of earth
 q - a staff of conjuration
Jewellery
 h - a ring of flight (left branch)
 j - a ring of magical power
 t - a ring of positive energy (right branch)
Wands
 v - a wand of roots (12)
Scrolls
 g - a scroll of noise {unknown}
 l - a scroll of summoning {unknown}
 p - 2 scrolls of identify {unknown}
 s - a scroll of enchant weapon {unknown}
 w - a scroll of teleportation {unknown}
Potions
 d - a potion of might
 e - a potion of curing {unknown}
 f - a potion of resistance {unknown}
 m - a potion of lignification
 n - a potion of flight {unknown}
 r - a potion of mutation {unknown}


   Skills:
 * Level 7.2 Fighting
 + Level 5.3 Axes
 + Level 5.1 Armour
 - Level 3.2 Shields
 + Level 2.0 Invocations


You had 6 spell levels left.
You didn't know any spells.
Your spell library contained the following spells:

 Spells                   Type           Power      Damage    Failure   Level
 Frozen Ramparts          Ice            0%         1d1       85%         3
 Ice Form                 Ice/Tmut       0%         N/A       99%         4
 Summon Ice Beast         Ice/Summ       0%         N/A       99%         4
 Chain Lightning          Conj/Air       0%         N/A       100%        9
 Fire Storm               Conj/Fire      0%         5d1       100%        9
 Shatter                  Erth           0%         3d5*      100%        9


Dungeon Overview and Level Annotations

Branches:
Dungeon (3/15)              Sewer (visited)

Altars:
Beogh

Shops:
D:2 (


Message History

* * * LOW HITPOINT WARNING * * *
The gnoll hits you with a +0 club.
* * * LOW HITPOINT WARNING * * *
You block the gnoll sergeant's attack. You block the gnoll's attack.
The gnoll hits you with a +0 flail.
* * * LOW HITPOINT WARNING * * *
You slash the gnoll!
The gnoll is heavily wounded.
You hit the gnoll but do no damage. You barely miss the gnoll.
You hit the gnoll sergeant.
The gnoll hits you but does no damage. x2
The gnoll sergeant hits you with a +0 spear.
* * * LOW HITPOINT WARNING * * *
You block the gnoll's attack. The gnoll barely misses you.
The gnoll hits you with a +0 club.
* * * LOW HITPOINT WARNING * * *
You hit the gnoll.
The gnoll is severely wounded.
You hit the gnoll sergeant but do no damage.
You hit the gnoll.
You kill the gnoll!
Beogh accepts your kill.
You barely miss the gnoll. The gnoll hits you but does no damage.
The gnoll sergeant misses you. The gnoll barely misses you.
The gnoll closely misses you. x2
The gnoll sergeant hits you but does no damage.
You slash the gnoll!
You kill the gnoll!
Beogh accepts your kill.
You barely miss the gnoll sergeant. You hit the gnoll. The gnoll misses you.
The gnoll barely misses you.
The gnoll sergeant hits you but does no damage.
The gnoll hits you from afar with a +0 spear.
* * * LOW HITPOINT WARNING * * *
Your Invocations skill increases to level 2!
It was a potion of lignification.
You turn into a tree.
Your +0 helmet melds into your body.
Your +0 pair of gloves melds into your body.
Your +3 ring mail melds into your body.
Your roots penetrate the ground.
The gnoll hits you with a +0 club.
You die...

###.#......#####..# #...# #..#
...........'..##..# #...# #..#
###.#......##.##..# #...# #..#
...#......##.##..###...###..#
..............................
.............................#
....)..................#####.#
.........................
..###.##..##♣).###..##
.........ggg.###..#
.........g........
####....#...####+
######...#...# .#.#.#.#..#...#
#.#.#.#.......#
.#.#.#.#......#
#.#.#.#...#...###


You could see a gnoll sergeant and 3 gnolls.

Vanquished Creatures
  A black bear (D:6)
  2 bullfrogs (Sewer)
  A gnoll bouda (D:6)
  An iguana (D:6)
  Natasha (D:2)
  Terence (D:2)
  Robin (D:2)
  4 adders
  5 gnolls (D:6)
  2 dart slugs (D:1)
  5 orcs
  5 bats
  8 endoplasms
  11 giant cockroaches
  12 goblins
  16 hobgoblins
  5 jackals (D:3)
  3 kobolds
  5 quokkas
  5 ball pythons
  9 frilled lizards
  5 rats
108 creatures vanquished.

Notes
Turn   | Place    | Note
-------+----------+-------------------------------------------
     0 | D:1      | Grimwise the Hill Orc Fighter began the quest for the Orb.
     0 | D:1      | Reached XP level 1. HP: 19/19 MP: 1/1
   108 | D:1      | Reached XP level 2. HP: 26/27 MP: 2/2
   117 | D:1      | Reached skill level 4 in Fighting
   305 | D:1      | Reached XP level 3. HP: 33/34 MP: 3/3
   643 | D:2      | Noticed Robin
   666 | D:2      | Killed Robin
   681 | D:2      | Reached XP level 4. HP: 35/41 MP: 4/4
   727 | D:2      | Noticed Terence
   736 | D:2      | Killed Terence
   737 | D:2      | Reached skill level 5 in Fighting
   739 | D:2      | Found Uzav's Weapon Boutique.
   943 | D:2      | Found a faded altar of an unknown god.
   950 | D:2      | Prayed at the altar of an unknown god.
   950 | D:2      | Became a worshipper of Beogh the Brigand
   950 | D:2      | Reached * piety under Beogh
  1142 | D:2      | Reached XP level 5. HP: 48/48 MP: 5/5
  1158 | D:2      | Noticed Natasha
  1170 | D:2      | Killed Natasha
  1443 | D:3      | Found a glowing drain.
  1462 | Sewer    | Entered a sewer
  1506 | Sewer    | Reached ** piety under Beogh
  1604 | Sewer    | Reached skill level 6 in Fighting
  1604 | Sewer    | Reached XP level 6. HP: 54/57 MP: 6/6
  2228 | D:3      | You are sucked into a shaft and drop 3 floors!
  2267 | D:6      | Noticed a black bear
  2284 | D:6      | Killed a black bear
  2285 | D:6      | Reached skill level 5 in Axes
  2285 | D:6      | Reached skill level 1 in Invocations
  2305 | D:6      | Reached XP level 7. HP: 44/64 MP: 7/7
  2427 | D:6      | Reached skill level 7 in Fighting
  2427 | D:6      | Reached skill level 5 in Armour
  2474 | D:6      | HP: 3/66 [gnoll sergeant/+0 spear (6)]
  2474 | D:6      | HP: 1/66 [gnoll/+0 club[a gnoll sergeant] (2)]
  2477 | D:6      | Slain by a gnoll

Illustrated notes

Levels and vault maps discovered:
D:1:      elethiomel_arrival_shortcut, layout_rooms
D:2:      layout_basic, serial_shops, shop,
          hellmonk_ecumenical_altar_heavens_door, chequers_garden, uniq_natasha,
          uniq_terence, uniq_robin
D:3:      layout_basic, portal_sewer_entry_d
D:6:      layout_basic, minmay_liquid_box

Skill      XL: |  1  2  3  4  5  6  7 |
---------------+----------------------+-----
Fighting       | 4 5 6 7 |  7.2
Axes           | 3 4 5 |  5.3
Armour         | 4 5 |  5.1
Invocations    | 1 2 |  2.0
Shields        | |  3.2

Action                     |  1- 3 |  4- 6 |  7- 9 || total
---------------------------+-------+-------+-------++-------
  Melee: War axe           |    94 |   212 |    31 ||   337
    Use: Potion            |       |       |     1 ||     1
 Armour: Scale mail        |    25 |       |       ||    25
         Ring mail         |    16 |   112 |    27 ||   155
  Dodge: Dodged            |    35 |   102 |    24 ||   161
  Block: Buckler           |    26 |    47 |    14 ||    87
